 Dungeon Crawl Stone Soup version bcrawl-1.13.4 (webtiles) character file.

Game seed: 7646733820551807427

79 Felnil the Skirmisher (level 4, -3/31 HPs)
             Began as a Skeleton Fighter on Aug 14, 2019.
             Slain by a gnoll
             ... wielding a +0 spear
              (4 damage)
             ... on level 2 of the Dungeon.
             The game lasted 00:02:55 (1116 turns).

Felnil the Skirmisher (Skeleton Fighter)            Turns: 1116, Time: 00:02:55

Health: -3/31      AC:  6    Str: 22 (24) XL:     4   Next: 17%
Magic:  0/4        EV:  8    Int:  5 (6)  God:
Gold:   84         SH:  9    Dex:  8      Spells: 3/3 levels left

rFire    . . .     SeeInvis .   a - +0 war axe
rCold    + . .     Gourm    .   c - +0 shield
rNeg     + + +     Faith    .   b - +0 scale mail
rPois    ∞         Spirit   +   (no helmet)
rElec    .         Reflect  .   (no cloak)
rCorr    .         Harm     .   (no gloves)
MR       .....                  (no boots)
Stlth    ..........             (no amulet)
HPRegen  0.10/turn              f - ring of positive energy
MPRegen  0.09/turn              (no ring)

@: no status effects
A: no food or potions, cold resistance 1, deterioration 1, negative energy
resistance 3, torment resistance, unbreathing, magic shield, sturdy frame 1,
spell healing
a: no special abilities


You were on level 2 of the Dungeon.
You were not hungry.

You visited 1 branch of the dungeon, and saw 2 of its levels.

You collected 84 gold pieces.

Inventory:

Hand Weapons
 a - a +0 war axe (weapon)
Armour
 b - a +0 scale mail (worn)
 c - a +0 shield (worn)
Jewellery
 f - a ring of positive energy (left hand)
Scrolls
 d - 3 scrolls of teleportation {unknown}
 e - 2 scrolls of fog {unknown}
 g - a scroll of identify {unknown}
 h - a scroll of enchant weapon {unknown}


   Skills:
 + Level 5.1 Fighting
 - Level 2.4 Axes
 - Level 3.2 Armour
 - Level 3.6 Shields


You had 3 spell levels left.
You didn't know any spells.
Your spell library was empty.

Dungeon Overview and Level Annotations

Branches:
Dungeon (2/12)

Altars:
Cheibriados
Nemelex Xobeh


Innate Abilities, Weirdness & Mutations

You do not eat or drink.
You are immune to poison.
Your flesh is cold resistant. (rC+)
Your body sometimes deteriorates upon taking damage.
You are immune to negative energy. (rN+++)
You are immune to unholy pain and torment.
You can survive without breathing.
When hurt, damage is shared between your health and your magic reserves.
Your movements are slightly less encumbered by armour. (ER -2)
Casting spells heals you.


Message History

The gnoll hits you from afar with a +0 spear.
* * * LOW HITPOINT WARNING * * *
You block the quokka's attack.
You closely miss the quokka. The gnoll hits you but does no damage.
The quokka bites you but does no damage.
You closely miss the quokka. The quokka barely misses you.
The gnoll barely misses you. You block the quokka's attack.
You block the gnoll's attack.
You closely miss the quokka. You block the quokka's attack.
The gnoll hits you from afar with a +0 spear.
* * * LOW HITPOINT WARNING * * *
The quokka bites you.
* * * LOW HITPOINT WARNING * * *
You closely miss the quokka. The gnoll hits you but does no damage.
You block the quokka's attack. The gnoll barely misses you.
You hit the quokka but do no damage. You block the quokka's attack. x2
The gnoll hits you but does no damage.
You hit the quokka but do no damage. The quokka closely misses you.
The gnoll hits you from afar with a +0 spear.
You die...

#..#....._.....r....#
#..#.#.......#......#
#..#)#.......#......#
#....##.....##......#
#.##.####.####.(....#
..
.....(..g....######
#. ###.#.....#### #
#.####g....##
#...@r...#..###
#..###.........#
###..#...#######.#
###....#...8...>_# #
#.......[..#######.
#....####..........
#....'...........#
#....#####....####
#....# ######


You could see a gnoll and a quokka.

Vanquished Creatures
  3 gnolls (D:2)
  2 worms
  2 dart slugs (D:1)
  2 leopard geckos (D:1)
  2 giant cockroaches (D:1)
  5 goblins (D:1)
  4 hobgoblins
  2 jackals (D:1)
  A quokka (D:2)
  4 bats
  7 frilled lizards
  4 kobolds
  5 rats (D:1)
43 creatures vanquished.

Vanquished Creatures (others)
  A bat (D:2)
1 creature vanquished.

Grand Total: 44 creatures vanquished

Notes
Turn   | Place    | Note
-------+----------+-------------------------------------------
     0 | D:1      | Felnil the Skeleton Fighter began the quest for the Orb.
     0 | D:1      | Reached XP level 1. HP: 14/14 MP: 1/1
   130 | D:1      | Reached XP level 2. HP: 14/19 MP: 2/2
   360 | D:1      | Reached skill level 4 in Fighting
   496 | D:1      | Found a sparkling altar of Nemelex Xobeh.
   499 | D:1      | Reached XP level 3. HP: 24/24 MP: 3/3
   948 | D:2      | Found a snail-covered altar of Cheibriados.
   965 | D:2      | Found a snail-covered altar of Cheibriados.
  1107 | D:2      | Reached XP level 4. HP: 4/30 MP: 4/4
  1110 | D:2      | Reached skill level 5 in Fighting
  1113 | D:2      | HP: 1/31 [quokka (2)]
  1116 | D:2      | Slain by a gnoll

Skill      XL: |  1  2  3  4 |
---------------+-------------+-----
Fighting       | 4 5 |  5.1
Axes           | |  2.4
Armour         | |  3.2
Shields        | |  3.6

Action                   |  1- 3 |  4- 6 || total
-------------------------+-------+-------++-------
Melee: War axe           |   146 |     9 ||   155
Armor: Scale mail        |    77 |     5 ||    82
Dodge: Dodged            |    76 |     8 ||    84
Block: Shield            |    84 |     8 ||    92
